 Dungeon Crawl Stone Soup version 0.30-a0-1074-g5db6f66fbb (webtiles) character file.

Game seed: 12418348817777445075

400 Lavandula the Conjurer (level 6, -1/49 HPs)
             Began as a Naga Venom Mage on Apr 14, 2023.
             Slain by a gnoll
             ... wielding a +0 halberd
              (14 damage)
             ... on level 3 of the Dungeon.
             The game lasted 00:08:59 (2684 turns).

Lavandula the Conjurer (Naga Venom Mage)            Turns: 2684, Time: 00:09:00

Health: -1/49      AC:  4    Str: 12    XL:     6   Next: 84%
Magic:  4/8        EV:  9    Int: 16    God:
Gold:   100        SH:  0    Dex: 11    Spells: 0/9 levels left

rFire   . . .      SeeInvis +      - Unarmed
rCold   . . .      Faith    .    (no shield)
rNeg    . . .      Spirit   .    t - +0 leather armour
rPois   +          Reflect  .    p - +0 helmet
rElec   .          Rampage  .    (no cloak)
rCorr   .          Clarity  +    (no gloves)
Will    .....                    (no barding)
Stlth   ++                       (no amulet)
HPRegen 0.28/turn                (no ring)
MPRegen 0.11/turn                (no ring)

@: short of breath, very slightly contaminated, very slow
A: AC +2, large, see invisible, deformed body, poison resistance, slowness 2,
spit poison 1, naga tail 1, clarity, low MP 1, evolution 1
a: Spit Poison


You were on level 3 of the Dungeon.
You visited 1 branch of the dungeon, and saw 3 of its levels.

You collected 100 gold pieces.

Inventory:

Missiles
 k - 4 poisoned darts
Armour
 a - a +0 robe
 p - a +0 helmet (worn)
 t - a +0 leather armour (worn)
Jewellery
 o - a ring of flight
 q - an amulet of magic regeneration
Scrolls
 c - a scroll of fear {unknown}
 e - a scroll of identify {unknown}
 f - 2 scrolls of magic mapping
 g - a scroll of noise {unknown}
 j - a scroll of torment {unknown}
 l - 2 scrolls of teleportation {unknown}
 r - a scroll of enchant armour {unknown}
 s - a scroll of amnesia {unknown}
Potions
 b - 2 potions of magic
 d - a potion of brilliance {unknown}
 h - 2 potions of mutation
 i - 3 potions of flight {unknown}
 m - 2 potions of curing {unknown}
 n - 2 potions of cancellation {unknown}
 u - a potion of lignification {unknown}


   Skills:
 - Level 1.5 Dodging
 - Level 3.0 Stealth
 - Level 3.3 Unarmed Combat
 - Level 2.0 Spellcasting
 - Level 4.7 Conjurations
 - Level 1.0 Transmutations
 + Level 2.5 Air Magic
 - Level 4.0 Poison Magic


You couldn't memorise any spells.
You knew the following spells:

 Your Spells              Type           Power      Damage    Failure   Level
a - Sting                 Tmut/Pois      36%        1d4       10%         1
b - Poisonous Vapours     Pois/Air       24%        N/A       11%         2
c - Static Discharge      Conj/Air       26%        2-4/arc   9%          2
d - Airstrike             Air            4%         2d(1-17)  67%         4

Your spell library contained the following spells:

 Spells                   Type           Power      Damage    Failure   Level
 Mephitic Cloud           Conj/Pois/Air  13%        N/A       17%         3
 Olgreb's Toxic Radiance  Pois           14%        N/A       45%         4
 Summon Lightning Spire   Summ/Air       5%         N/A       83%         4


Dungeon Overview and Level Annotations

Branches:
Dungeon (3/15)

Altars:
Vehumet

Shops:
D:2 =

Annotations:
D:2 1 runed translucent door, Crazy Yiuf


Innate Abilities, Weirdness & Mutations

Your serpentine skin is tough. (AC +2)
You have supernaturally acute eyesight. (SInv)
Armour fits poorly on your strangely shaped body.
Your system is resistant to poisons. (rPois)
You cover ground very slowly.
You can spit poison.
You have a snake-like lower body.
You possess an exceptional clarity of mind.
Your magical capacity is low. (-10% MP)
You have hidden genetic potential.


Message History

The gnoll is moderately wounded.
The gnoll hits you from afar with a +0 halberd.
The gnoll hits you with a +0 club.
Casting: Sting (safe; 10% risk of failure)
Confirm with . or Enter, or press ? or * to list all spells.
Aiming: Sting (safe; 10% risk of failure)
Press: ? - help, Shift-Dir - straight line, f - gnoll, p - gnoll
Aim: a gnoll, wielding a +0 flail (72% to hit)
The sting hits the gnoll.
The gnoll looks even sicker.
The gnoll is heavily wounded.
The gnoll hits you from afar with a +0 halberd!
The gnoll hits you but does no damage.
Casting: Sting (safe; 10% risk of failure)
Confirm with . or Enter, or press ? or * to list all spells.
Aiming: Sting (safe; 10% risk of failure)
Press: ? - help, Shift-Dir - straight line, f/p - gnoll
Aim: a gnoll, wielding a +0 flail (72% to hit)
The sting misses the gnoll.
The sting hits the gnoll but does no damage.
The gnoll looks even sicker.
The gnoll is lightly wounded.
The gnoll hits you from afar with a +0 halberd.
The gnoll closely misses you.
Casting: Sting (safe; 10% risk of failure)
Confirm with . or Enter, or press ? or * to list all spells.
Aiming: Sting (safe; 10% risk of failure)
Press: ? - help, Shift-Dir - straight line, f/p - gnoll
Aim: a gnoll, wielding a +0 flail (72% to hit)
The sting misses the gnoll.
The sting hits the gnoll.
The gnoll looks even sicker.
The gnoll is moderately wounded.
The gnoll hits you from afar with a +0 halberd!
The gnoll hits you with a +0 club.
* * * LOW HITPOINT WARNING * * *
Unknown command.
It was a potion of mutation.
You feel extremely strange.
You feel a hidden potential growing inside you.
You feel less energetic.
Your thoughts seem clearer.
The gnoll hits you from afar with a +0 halberd!
You die...

*,* **,,******### ######.# *,*
*,,,,,,,,,..# #....... *,*
*,*,******#.# #.##..#. *,* *,#,*
#.# *....### *,* *,#.*** #.#
#..#..#. *,** *,,..,* #.#
#....... ,,,** *.#.#?##* #.#
#.#...#. ,,,,*
*......g###.########.##.### ,,,,*
*,*,*,#Sgg@..........##..#. ,,,,*
*,,,,,#####.##.######...... ,,,,*
*,*,*** #.#....# #.#....
*,*,***,*,******#.##.#.####.#....
*,,,,,,,,,,,,,,,..##.#......##...
***,*****,,,,***####.#...........
*,* ****,* #.#.######.... *,* *,*
#.#.# ##... ***,* *,* #.#.# #..#


You could see 3 gnolls and an adder.

Vanquished Creatures
  Sigmund (D:2)
  Jessica (D:2)
  Robin (D:2)
  4 adders
  8 gnolls (D:3)
  2 worms (D:2)
  5 bats
  5 endoplasms
  A giant cockroach (D:1)
  19 goblins
  4 hobgoblins
  4 kobolds
  4 quokkas (D:1)
  7 ball pythons
  2 frilled lizards (D:1)
  4 rats
72 creatures vanquished.

Notes
Turn   | Place    | Note
-------+----------+-------------------------------------------
     0 | D:1      | Lavandula the Naga Venom Mage began the quest for the Orb.
     0 | D:1      | Reached XP level 1. HP: 15/15 MP: 3/3
    52 | D:1      | Reached skill level 1 in Unarmed Combat
   106 | D:1      | Reached XP level 2. HP: 19/22 MP: 3/5
   741 | D:1      | Reached XP level 3. HP: 26/28 MP: 3/6
   927 | D:2      | Noticed Jessica
   933 | D:2      | Killed Jessica
   937 | D:2      | Learned a level 2 spell: Poisonous Vapours
   940 | D:2      | Learned a level 2 spell: Static Discharge
   997 | D:2      | Found Furgh's Jewellery Shoppe.
  1025 | D:2      | Noticed Sigmund
  1027 | D:2      | Reached skill level 1 in Conjurations
  1027 | D:2      | Reached XP level 4. HP: 36/36 MP: 7/7
  1129 | D:2      | Killed Sigmund
  1130 | D:2      | Reached XP level 5. HP: 42/42 MP: 3/8
  1130 | D:2      | Reached XP level 6. HP: 49/49 MP: 3/9
  1133 | D:2      | Found a faded altar of an unknown god.
  1414 | D:2      | Noticed Robin
  1611 | D:2      | Killed Robin
  2044 | D:2      | Found a runed translucent door.
  2045 | D:2      | Noticed Crazy Yiuf
  2115 | D:3      | Learned a level 4 spell: Airstrike
  2131 | D:3      | Found a radiant altar of Vehumet.
  2179 | D:3      | Reached skill level 1 in Air Magic
  2603 | D:3      | Identified the +2 dagger of the Establishment {heavy, Fly
                  | rN+ Str+6}
  2684 | D:3      | Gained mutation: You have hidden genetic potential. [potion
                  | of mutation]
  2684 | D:3      | Gained mutation: Your magical capacity is low. (-10% MP)
                  | [potion of mutation]
  2684 | D:3      | Gained mutation: You possess an exceptional clarity of
                  | mind. [potion of mutation]
  2684 | D:3      | Slain by a gnoll

Illustrated notes

Levels and vault maps discovered:
D:1:      scummos_arrival_forest, layout_loops_ring
D:2:      layout_loops_ring, nicolae_ecumenical_snake_handling, serial_shops,
          shop, uniq_jessica, uniq_robin, uniq_crazy_yiuf_cottage, uniq_sigmund
D:3:      minmay_bubble_buster, layout_loops_ring, vehumet_crystals

Skill      XL: |  1  2  3  4  5  6 |
---------------+-------------------+-----
Unarmed Combat | 1 2 3 |  3.3
Conjurations   | 1 4 |  4.7
Air Magic      | 2 |  2.5
Dodging        | |  1.5
Stealth        | |  3.0
Spellcasting   | |  2.0
Transmutations | |  1.0
Poison Magic   | |  4.0

Action                     |  1- 3 |  4- 6 || total
---------------------------+-------+-------++-------
  Melee: Unarmed           |    36 |    15 ||    51
   Cast: Sting             |    25 |    54 ||    79
         Poisonous Vapours |       |     8 ||     8
Ability: Spit Poison       |    18 |    35 ||    53
    Use: Scroll            |       |     1 ||     1
         Potion            |       |     1 ||     1
   Stab: Sleeping          |     1 |       ||     1
 Armour: Robe              |     4 |    25 ||    29
         Leather armour    |       |     4 ||     4
  Dodge: Dodged            |    18 |    31 ||    49

Table legend: (Time is in decaauts)
 A = Elapsed time spent in this place.
 B = Non-inter-level travel time spent in this place.
 C = Inter-level travel time spent in this place.
 D = Time resting spent in this place.
 E = Time spent auto-exploring this place.
 F = Levels seen in this place.
 G = Mean time per level.
                   A        B        C        D        E       F      G
               +--------+--------+--------+--------+--------+-----+--------+
         Total |   3260 |   3148 |    112 |    287 |   2161 |   3 | 1086.7 |
       Dungeon |   3260 |   3148 |    112 |    287 |   2161 |   3 | 1086.7 |
               +--------+--------+--------+--------+--------+-----+--------+

Top non-repeatable levels by time:
     D:2: 1450 daAuts
     D:1: 1136 daAuts
     D:3: 673 daAuts
